 Dungeon Crawl Stone Soup version 0.23-a0-451-g1044d4c (webtiles) character file.

572 Cryolive the Digger (level 7, -8/41 HPs)
             Began as a Gargoyle Earth Elementalist on Nov 22, 2018.
             Mangled by an ice beast (9 damage)
             ... on level 5 of the Dungeon.
             The game lasted 00:10:48 (5205 turns).

Cryolive the Digger (Gargoyle Earth Elementalist)   Turns: 5205, Time: 00:10:50

Health: -8/41      AC:  7    Str: 12    XL:     7   Next: 34%
Magic:  5/12       EV: 12    Int: 17    God:
Gold:   337        SH:  0    Dex: 10    Spells: 3/12 levels left

rFire    . . .     SeeInvis .   A - +0 morningstar
rCold    . . .     Gourm    .   (no shield)
rNeg     + . .     Faith    .   c - +0 robe
rPois    ∞         Spirit   .   (no helmet)
rElec    +         Reflect  .   (no cloak)
rCorr    .         Harm     .   (no gloves)
MR       .....                  (no boots)
Stlth    ++........             (no amulet)
HPRegen  0.13/turn              (no ring)
MPRegen  0.13/turn              (no ring)

@: no status effects
A: negative energy resistance 1, electricity resistance, unbreathing,
petrification resistance, rot immunity, AC +4
a: no special abilities


You were on level 5 of the Dungeon.
You were near starving.

You visited 1 branch of the dungeon, and saw 5 of its levels.

You collected 337 gold pieces.

Inventory:

Hand Weapons
 A - a +0 morningstar (weapon)
Missiles
 b - 32 stones (quivered)
Armour
 c - a +0 robe (worn)
Jewellery
 n - an uncursed ring of protection from cold {unknown}
 y - an uncursed amulet of harm {unknown}
Wands
 l - a wand of enslavement (8)
 u - a wand of iceblast (7)
Scrolls
 e - a scroll of immolation {unknown}
 g - 2 scrolls of teleportation {unknown}
 i - 3 scrolls of blinking {unknown}
 j - 2 scrolls of amnesia {unknown}
 m - 2 scrolls of remove curse {unknown}
 o - 4 scrolls of identify {unknown}
 s - a scroll of enchant armour {unknown}
 w - a scroll of noise {unknown}
Potions
 a - 2 potions of curing {unknown}
 f - 2 potions of magic {unknown}
 h - a potion of experience {unknown}
 k - a potion of heal wounds {unknown}
 p - 3 potions of lignification {unknown}
 q - a potion of might {unknown}
 r - 2 potions of flight {unknown}
 t - a potion of haste {unknown}
 x - a potion of degeneration {unknown}
 z - 2 potions of mutation {unknown}
Comestibles
 d - 8 rations


   Skills:
 + Level 3.2 Fighting
 + Level 3.0 Armour
 + Level 2.9 Dodging
 - Level 2.1 Stealth
 + Level 3.3 Spellcasting
 + Level 2.8 Conjurations
   Level 0.7 Transmutations
 + Level 5.2 Earth Magic
 + Level 0.7 Evocations


You had 3 spell levels left.
You knew the following spells:

 Your Spells              Type           Power        Failure   Level  Hunger
a - Sandblast             Erth           ###...       1%          1    None
b - Stone Arrow           Conj/Erth      ###...       10%         3    ###....
c - Lee's Rapid Deconstr  Erth           ###.......   50%         5    ######.

Your spell library contained the following spells:

 Spells                   Type           Power        Failure   Level  Hunger
 Magic Dart               Conj           ##..         5%          1    None
 Passwall                 Tmut/Erth      ##......     8%          2    ##.....
 Searing Ray              Conj           ##....       8%          2    ##.....
 Dazzling Spray           Conj/Hex       #.....       28%         3    ###....
 Iskenderun's Mystic Bla  Conj           ##......     45%         4    ####...
 Petrify                  Tmut/Erth      ##......     45%         4    ####...
 Force Lance              Conj/Tloc      #.......     67%         4    ####...
 Fulminant Prism          Conj/Hex       #.........   67%         4    ####...


Dungeon Overview and Level Annotations

Branches:
Dungeon (5/15)
 Temple: D:4-7

Altars:
Nemelex Xobeh
Okawaru
Qazlal
Ru
Sif Muna
Zin

Shops:
D:4 }[}[


Innate Abilities, Weirdness & Mutations

You are resistant to torment.
Your stone body is resilient. (AC +4)
You are immune to poison.
You resist negative energy. (rN+)
You are resistant to electric shocks. (rElec)
You can survive without breathing.
You are immune to petrification.
You are immune to rotting.


Message History

The blast of sand hits the ice beast.
The ice beast is almost dead.
b - 33 stones The ice beast hits you.
* * * LOW HITPOINT WARNING * * *
The ice beast freezes you.
* * * LOW HITPOINT WARNING * * *
Unknown command.
Casting: Sandblast (safe; 1% risk of failure)
Confirm with . or Enter, or press ? or * to list all spells.
Aiming: Sandblast (safe; 1% risk of failure)
Press: ? - help, Shift-Dir - straight line, f/p - ice beast
Aim: an ice beast (almost dead)
The blast of sand hits the ice beast.
The ice beast is almost dead.
b - 32 stones The ice beast hits you.
* * * LOW HITPOINT WARNING * * *
The ice beast freezes you!
You die...

######## ###......#### ##
###...........### ### .##
##....#####......#####.. ..#
#.....#...........#..... ..##
#.....#@###...##....#### ...##
......#Y#....###..#### #
....############.#...####.##..###
###.##...# ......#...##...#....##
..#.##.#.#########.#.............
..#.##.#..........##.#.#.........
..#.##.#####.....................
#.#....# #########.#.#.........
######## #.............


You could see an ice beast.

Vanquished Creatures
  A phantom (D:4)
  A howler monkey (D:4)
  A crimson imp (D:5)
  2 orc priests (D:4)
  An iguana (D:5)
  2 orc wizards (D:4)
  2 worker ants
  7 gnolls (D:4)
  5 adders
  3 oozes
  2 worms
  2 dart slugs (D:1)
  4 leopard geckos
  7 orcs
  10 bats
  5 giant cockroaches
  8 goblins
  10 hobgoblins
  4 kobolds
  2 quokkas
  3 ball pythons
  6 frilled lizards
  11 rats
99 creatures vanquished.

Notes
Turn   | Place    | Note
-------+----------+-------------------------------------------
     0 | D:1      | Cryolive the Gargoyle Earth Elementalist began the quest
                  | for the Orb.
     0 | D:1      | Reached XP level 1. HP: 10/10 MP: 3/3
    66 | D:1      | Reached XP level 2. HP: 4/16 MP: 0/5
   654 | D:1      | Reached skill level 1 in Fighting
   723 | D:1      | Reached skill level 1 in Armour
   738 | D:1      | Reached XP level 3. HP: 14/20 MP: 6/6
   743 | D:1      | Learned a level 3 spell: Stone Arrow
  1180 | D:2      | Reached skill level 4 in Earth Magic
  1636 | D:2      | Found a sacrificial altar of Ru.
  1828 | D:2      | Reached XP level 4. HP: 25/25 MP: 7/7
  2117 | D:3      | Reached skill level 1 in Conjurations
  2528 | D:3      | Found a faded altar of an unknown god.
  2821 | D:4      | Reached XP level 5. HP: 30/30 MP: 4/9
  3005 | D:4      | Noticed a phantom
  3037 | D:4      | Killed a phantom
  3037 | D:4      | Reached XP level 6. HP: 19/36 MP: 0/10
  3077 | D:4      | Learned a level 5 spell: Lee's Rapid Deconstruction
  3581 | D:4      | Found Jibewn's Armour Shoppe.
  3622 | D:4      | Reached skill level 5 in Earth Magic
  3642 | D:4      | Found Roucuku's Gadget Shoppe.
  3727 | D:4      | Found Jetyfi's Armour Shoppe.
  3839 | D:4      | Reached XP level 7. HP: 23/40 MP: 11/11
  4048 | D:4      | Found a sparkling altar of Nemelex Xobeh.
  4049 | D:4      | Found a stormy altar of Qazlal.
  4090 | D:4      | Found Puudeofuu's Gadget Shop.
  4309 | D:4      | Found an iron altar of Okawaru.
  4334 | D:5      | Entered Level 5 of the Dungeon
  4384 | D:5      | Found a deep blue altar of Sif Muna.
  4394 | D:5      | Found a glowing silver altar of Zin.
  5205 | D:5      | HP: 1/41 [ice beast (3)]
  5205 | D:5      | Mangled by an ice beast

Vault maps used:
D:1:      psy_arrival_radial02, minmay_misc_feat_rows, columned_hall_lemuel
D:2:      overflow_temple_1_default
D:3:      chequers_ecumenical_altar_simple_redux, first_ration
D:4:      nicolae_overflow_hidden_temple, serial_shops, kennysheep_little_box,
          nicolae_shop_statue_plus, nicolae_shop_behind_doors, shop,
          okawaru_gym_becter
D:5:      grunt_temple_overflow_open, serial_co_window_serial,
          co_window_of_opportunity_a, co_window_paths_a, co_window_corner_a,
          co_window_corner_a, co_window_paths_a, co_window_paths_b,
          co_window_2corner, co_window_corner_b, co_window_of_opportunity_b,
          co_window_unsneaky_path_d, co_window_of_opportunity_b,
          co_window_unsneaky_path_e, co_window_4corner_b, co_window_paths_d,
          glass_columns_a, glass_columns_a, glass_columns_a, glass_columns_b,
          glass_columns_a, fountainhead

Skill      XL: |  1  2  3  4  5  6  7 |
---------------+----------------------+-----
Fighting       | 1 2 3 |  3.2
Armour         | 1 2 3 |  3.0
Earth Magic    | 4 5 |  5.2
Dodging        | 2 |  2.9
Conjurations   | 1 2 |  2.8
Spellcasting   | 3 |  3.3
Stealth        | |  2.1
Transmutations | |  0.7
Evocations     | |  0.7

Action                   |  1- 3 |  4- 6 |  7- 9 || total
-------------------------+-------+-------+-------++-------
Melee: Unarmed           |    23 |       |       ||    23
       Club              |   130 |       |       ||   130
       Whip              |    20 |   178 |       ||   198
       Flail             |       |    30 |    45 ||    75
       Morningstar       |       |       |     8 ||     8
 Cast: Sandblast         |    14 |    40 |    16 ||    70
       Stone Arrow       |       |     1 |       ||     1
 Stab: Sleeping          |     7 |     3 |     1 ||    11
  Eat: Chunk             |     3 |     7 |     3 ||    13
Armor: Robe              |    77 |   126 |    18 ||   221
Dodge: Dodged            |   132 |   207 |    51 ||   390

Table legend:
 A = Non-vault XP
 B = Vault XP
 C = Vault XP percentage of total XP
 D = Non-vault monster count
 E = Vault monster count
 F = Vault count percentage of total count
                 A         B        C        D         E       F
            +---------+---------+-------+---------+---------+-------
      Total |     818 |       0 |   0.0 |      99 |       0 |   0.0
            +---------+---------+-------+---------+---------+-------
        D:1 |      47 |       0 |   0.0 |      22 |       0 |   0.0
        D:2 |      48 |       0 |   0.0 |      17 |       0 |   0.0
        D:3 |      62 |       0 |   0.0 |      20 |       0 |   0.0
        D:4 |     525 |       0 |   0.0 |      28 |       0 |   0.0
        D:5 |     136 |       0 |   0.0 |      12 |       0 |   0.0
            +---------+---------+-------+---------+---------+-------
